 Dungeon Crawl Stone Soup version 0.28.0-53-g5a82cb258f (webtiles) character file.

Game seed: 7539481878453327626

26 Zeld the Chopper (level 2, -4/40 HPs)
             Began as a Minotaur Berserker on May 23, 2022.
             Was a Follower of Trog.
             Slain by a scorpion (7 damage)
             ... on level 3 of the Dungeon.
             The game lasted 00:00:49 (1099 turns).

Zeld the Chopper (Minotaur Berserker)               Turns: 1099, Time: 00:00:50

Health: -4/40      AC:  2    Str: 21    XL:     2   Next: 89%
Magic:  1/1        EV: 12    Int:  4    God:    Trog [*.....]
Gold:   93         SH:  0    Dex:  9    Spells: 1/1 levels left

rFire   . . .      SeeInvis .   a - +0 hand axe
rCold   . . .      Faith    .   (no shield)
rNeg    . . .      Spirit   .   b - +0 animal skin
rPois   .          Reflect  .   (helmet restricted)
rElec   .          Harm     .   (no cloak)
rCorr   .          Rampage  .   (no gloves)
Will    .....                   (no boots)
Stlth   ..........              (no amulet)
HPRegen 0.13/turn               (no ring)
MPRegen 0.07/turn               (no ring)

@: berserking, very quick
A: horns 2, retaliatory headbutt
a: Renounce Religion, Berserk


You were on level 3 of the Dungeon.
You worshipped Trog.
Trog was aware of your devotion.
You visited 1 branch of the dungeon, and saw 3 of its levels.

You collected 93 gold pieces.

Inventory:

Hand Weapons
 a - a +0 hand axe (weapon)
Armour
 b - a +0 animal skin (worn)
Jewellery
 g - an amulet of reflection
Scrolls
 e - 2 scrolls of noise {unknown}
 f - 2 scrolls of teleportation {unknown}
 h - a scroll of magic mapping {unknown}
 i - a scroll of enchant armour {unknown}
Potions
 c - a potion of lignification {unknown}
 d - a potion of curing {unknown}


   Skills:
 * Level 4.1 Fighting
 * Level 4.1 Axes
 + Level 2.8 Armour
 + Level 2.6 Dodging


You had one spell level left.
You didn't know any spells.
Your spell library was empty.

Dungeon Overview and Level Annotations

Branches:
Dungeon (2/15)

Altars:


Innate Abilities, Weirdness & Mutations

You have a pair of horns on your head.
You reflexively headbutt those who attack you in melee.


Message History

You kill the giant cockroach!
Trog accepts your kill.
A worm comes into view.
A worm is nearby!
A worm is nearby!
A kobold comes into view. It is wielding a +0 short sword.
The kobold shouts!
An adder and a scorpion come into view.
Found a scroll labelled GUAJOE RERGHETU.
The kobold throws a stone.
The stone hits you.
You completely miss the worm. You punch the worm.
The worm is lightly wounded.
The adder hisses angrily.
The worm closely misses you. You furiously retaliate!
You headbutt the worm.
A goblin comes into view. It is wielding a +0 club.
You hit the worm. Your headbutt misses the worm.
The worm is moderately wounded.
You hit the kobold but do no damage.
The kobold hits you with a +0 short sword.
The worm bites you!
You barely miss the worm.
The worm is moderately wounded.
You hit the kobold but do no damage. The kobold barely misses you.
A hobgoblin comes into view.
Unknown command.
The hobgoblin shouts!
The kobold hits you with a +0 short sword.
The scorpion stings you.
The kobold throws a stone.
The stone barely misses you.
The kobold throws a stone.
The stone hits you but does no damage.
You see here a giant cockroach corpse.
A red film seems to cover your vision as you go berserk!
You feel yourself moving faster!
You feel mighty! The scorpion stings you!
* * * LOW HITPOINT WARNING * * *
The scorpion stings you.
* * * LOW HITPOINT WARNING * * *
You hit the scorpion.
The scorpion is lightly wounded.
The scorpion stings you!
You die...

... ... .
#######'####...
....S.S....'...
#gw# #g.# #..#
#.########gg#
.......@sK..#
#.#########.#
.........#.# ###
#..###.#.#
...#........#
#.#..#.#.#.#
#....#.#.#.#
..###.#....#.#.#
...........#.#.#


You could see a scorpion, a hobgoblin, a goblin and a kobold.

Vanquished Creatures
  4 ball pythons
  2 giant cockroaches
  3 goblins
  2 jackals (D:1)
  2 kobolds (D:1)
  2 quokkas
  3 bats (D:2)
  4 frilled lizards
  2 rats
24 creatures vanquished.

Notes
Turn   | Place    | Note
-------+----------+-------------------------------------------
     0 | D:1      | Zeld the Minotaur Berserker began the quest for the Orb.
     0 | D:1      | Reached XP level 1. HP: 19/19 MP: 0/0
   450 | D:1      | Reached XP level 2. HP: 25/27 MP: 1/1
  1038 | D:2      | You fall into a shaft and drop 1 floor!
  1088 | D:3      | Noticed a scorpion
  1099 | D:3      | Slain by a scorpion

Illustrated notes

Levels and vault maps discovered:
D:1:      lightli_arrival_chessboard, layout_loops_cross, st_stairs_8,
          minmay_misc_feat_four_crosses
D:2:      layout_basic, hellmonk_ecumenical_altar_dog_temple
D:3:      layout_basic, minmay_close_crescents

Skill      XL: |  1  2 |
---------------+-------+-----
Axes           | 4 |  4.1
Fighting       | 4 |  4.1
Armour         | |  2.8
Dodging        | |  2.6

Action                   || total
-------------------------++-------
Melee: Hand axe          ||    51
       Headbutt          ||     5
       Punch             ||     1
Invok: Berserk           ||     1
Armor: Animal skin       ||    14
Dodge: Dodged            ||    40
